 Dungeon Crawl Stone Soup version 0.31.0-11-ge490571c62 (webtiles) character file.

Game seed: 14926117308543125672

1823777 boberto the Blinker (level 26, 228/228 HPs)
             Began as an Armataur Conjurer on Jan 31, 2024.
             Was a High Priest of Jiyva.
             Escaped with the Orb
             ... and 3 runes
             ... and 1 gem (intact)!
             The game lasted 05:09:41 (64485 turns).

boberto the Blinker (Armataur Conjurer)            Turns: 64485, Time: 05:09:42

Health: 228/228    AC: 43    Str: 21    XL:     26   Next: 22%
Magic:  40/40      EV: 11    Int: 25    God:    Jiyva [*****.]
Gold:   532        SH: 17    Dex: 18    Spells: 38/52 levels left

rFire   + + +        b - +8 autumn katana {manifold assault}
rCold   + + +        L - +2 shield of Resistance {rF++ rC++ Will++}
rNeg    + + .        d - +8 plate armour "Trusted Companion" {rF+ rC+ Dex+5}
rPois   .            f - +2 hat
rElec   +            T - +4 dragonskin cloak
rCorr   +            s - +2 pair of gloves
SInv    +            t - +0 barding of Disaster {rF+ Will+ Dex+2 Slay+3}
Will    ++++.        O - amulet "Uxogy" {RegenMP Fly rN+ Str+2 Slay+2} Stlth
                     g - ring of Pastrev {EV+5 Str+2 Int+3}
HPRegen 2.02/turn    m - ring of Xom's Passing Interest {+Blink rElec rN+ SInv}
MPRegen 1.39/turn

%: roll
@: flying
A: large, deformed body, tough skin 3, armoured tail, roll 2, clumsy 1,
screaming 1, eyeballs 3, subdued magic 2, inability to read after injury 2
0: Orb of Zot
}: 3/15 runes: decaying, slimy, gossamer
a: Renounce Religion, Evoke Blink, Oozemancy, Slimify


You escaped.
You worshipped Jiyva.
Jiyva was extremely pleased with you.
You visited 10 branches of the dungeon, and saw 51 of its levels.
You visited 1 bazaar.
You visited 1 ziggurat, and saw 7 of its levels.
You also visited: Ice Cave and Wizlab.

You collected 4977 gold pieces.
You spent 4445 gold pieces at shops.

Inventory:

Hand Weapons
 b - the +8 autumn katana (weapon) {manifold assault}
   (You found it on level 7 of the Dungeon)
 h - a +9 eveningstar of electrocution
Missiles
 a - 10 poisoned darts
 l - 10 boomerangs
 n - 5 curare-tipped darts
 I - 8 javelins
Armour
 d - the +8 plate armour "Trusted Companion" (worn) {rF+ rC+ Dex+5}
   (You found it in an ice cave)

   Dex+5:     It affects your dexterity (+5).
   rF+:       It protects you from fire.
   rC+:       It protects you from cold.
 f - a +2 hat (worn)
 s - a +2 pair of gloves (worn)
 t - the +0 barding of Disaster (worn) {rF+ Will+ Dex+2 Slay+3}
   (You acquired it on level 2 of the Orcish Mines)

   Dex+2:     It affects your dexterity (+2).
   Slay+3:    It affects your accuracy & damage with ranged weapons and melee
   (+3).
   rF+:       It protects you from fire.
   Will+:     It increases your willpower.
 y - the +1 cloak "Hekifa" {SInv}
   (You found it in a wizard's laboratory)

   SInv:      It lets you see invisible.
 L - the +2 shield of Resistance (worn) {rF++ rC++ Will++}
   (You found it on level 3 of the Depths)

   rF++:      It greatly protects you from fire.
   rC++:      It greatly protects you from cold.
   Will++:    It greatly increases your willpower.
 T - the +4 dragonskin cloak (worn)
   (You found it on level 4 of the Realm of Zot)

   Avatar's Aegis: It grants the wearer a chance to resist fire, cold, poison,
   electricity, acid, and negative energy.
Jewellery
 e - an amulet of the acrobat
 g - the ring of Pastrev (left hand) {EV+5 Str+2 Int+3}
   (You took it off a deep elf blademaster on level 3 of the Elven Halls)

   [ring of evasion]

   EV+5:      It affects your evasion (+5).
   Str+2:     It affects your strength (+2).
   Int+3:     It affects your intelligence (+3).
 m - the ring of Xom's Passing Interest (right hand) {+Blink rElec rN+ SInv}
   (You bought it in a shop on level 1 of the Elven Halls)

   [ring of positive energy]

   rElec:     It insulates you from electricity.
   rN+:       It protects you from negative energy.
   SInv:      It lets you see invisible.
   +Blink:    It lets you blink.
 A - a ring of protection from cold
 C - a ring of protection from fire
 F - a ring of poison resistance
 O - the amulet "Uxogy" (around neck) {RegenMP Fly rN+ Str+2 Slay+2}
   (You found it on level 7 of a ziggurat)

   [amulet of magic regeneration]

   RegenMP:   It increases your rate of magic regeneration.
   Str+2:     It affects your strength (+2).
   Slay+2:    It affects your accuracy & damage with ranged weapons and melee
   (+2).
   rN+:       It protects you from negative energy.
   Fly:       It grants you flight.
 Y - a ring of flight
Wands
 r - a wand of digging (12)
 v - a wand of charming (5)
 E - a wand of polymorph (23)
 G - a wand of roots (22)
 P - a wand of light (11)
Scrolls
 o - 2 scrolls of silence
 q - 2 scrolls of teleportation
 w - a scroll of butterflies
 z - 4 scrolls of vulnerability
 B - 4 scrolls of fear
 N - a scroll of blinking
 V - 3 scrolls of poison
 W - 4 scrolls of fog
Potions
 c - a potion of resistance
 i - 2 potions of brilliance
 j - 2 potions of lignification
 k - 2 potions of enlightenment
 u - 10 potions of curing
 D - 4 potions of heal wounds
 M - 3 potions of magic
 Q - a potion of haste
Miscellaneous
 p - a sack of spiders (inert)
 x - a phantom mirror


   Skills:
 - Level 17.0 Fighting
 - Level 13.6 Long Blades
 - Level 13.0 Maces & Flails
 - Level 12.0 Throwing
 - Level 18.1 Armour
 - Level 7.9 Dodging
 - Level 2.1 Stealth
 - Level 17.0 Shields
 - Level 13.6 Spellcasting
 - Level 4.0 Conjurations
 + Level 20.4 Translocations
 - Level 12.0 Evocations
 - Level 8.5 Shapeshifting


You had 38 spell levels left.
You knew the following spells:

 Your Spells              Type           Power      Damage    Failure   Level
a - Lesser Beckoning      Tloc           100%       N/A       0%          2
c - Dispersal             Tloc           32%        N/A       1%          6
d - Apportation           Tloc           100%       N/A       0%          1
e - Searing Ray           Conj           46%        2d6       8%          2
f - Magic Dart            Conj           92%        1d7       4%          1
z - Blink                 Tloc           100%       N/A       0%          2

Your spell library contained the following spells:

 Spells                   Type           Power      Damage    Failure   Level
 Gell's Gravitas          Tloc           65%        N/A       0%          3
 Teleport Other           Tloc           65%        N/A       0%          3
 Momentum Strike          Conj/Tloc      96%        3d10      1%          2
 Volatile Blastmotes      Fire/Tloc      84%        2d17      1%          3
 Iskenderun's Mystic Bla  Conj/Tloc      48%        2d11      1%          4
 Vhi's Electric Charge    Tloc/Air       84%        N/A       3%          4
 Summon Forest            Summ/Tloc      21%        N/A       11%         5
 Shock                    Conj/Air       64%        1d7       12%         1
 Sting                    Conj/Alch      64%        1d7       12%         1
 Freeze                   Ice            40%        1d6       28%         1
 Necrotise                Necr           40%        1d6       28%         1
 Sandblast                Erth           20%        2d7       28%         1
 Slow                     Hex            40%        N/A       28%         1
 Summon Small Mammal      Summ           40%        N/A       28%         1
 Dazzling Flash           Conj/Hex       32%        N/A       36%         3
 Hailstorm                Conj/Ice       16%        3d6       36%         3
 Call Imp                 Summ           20%        N/A       43%         2
 Cigotuvi's Dreadful Rot  Necr/Alch/Air  20%        N/A       43%         2
 Ensorcelled Hibernation  Hex/Ice        20%        N/A       43%         2
 Jinxbite                 Hex            20%        N/A       43%         2
 Sublimation of Blood     Necr           10%        N/A       43%         2
 Disjunction              Tloc           32%        N/A       43%         8
 Call Canine Familiar     Summ           10%        N/A       67%         3
 Confusing Touch          Hex            10%        N/A       67%         3
 Frozen Ramparts          Ice            20%        1d4       67%         3
 Fugue of the Fallen      Necr           10%        N/A       67%         3
 Inner Flame              Hex/Fire       10%        N/A       67%         3
 Ozocubu's Armour         Ice            10%        N/A       67%         3
 Sigil of Binding         Hex            10%        N/A       67%         3
 Swiftness                Air            10%        N/A       67%         3
 Brom's Barrelling Bould  Conj/Erth      16%        2d4       80%         4
 Fulminant Prism          Conj/Alch      8%         3d7       80%         4
 Airstrike                Air            5%         2d(1-17)  97%         4
 Animate Armour           Summ/Erth      20%        N/A       97%         4
 Ignite Poison            Fire/Alch      10%        N/A       97%         4
 Martyr's Knell           Necr/Summ      10%        N/A       97%         4
 Petrify                  Alch/Erth      10%        N/A       97%         4
 Summon Blazeheart Golem  Fire/Summ      10%        N/A       97%         4
 Summon Lightning Spire   Summ/Air       10%        N/A       97%         4
 Arcjolt                  Conj/Air       8%         1d18      99%         5
 Freezing Cloud           Conj/Ice/Air   7%         6-21      99%         5
 Irradiate                Conj/Alch      8%         3d14      99%         5
 Alistair's Intoxication  Alch           6%         N/A       100%        5
 Lee's Rapid Deconstruct  Erth           5%         3d6*      100%        5
 Metabolic Englaciation   Hex/Ice        5%         N/A       100%        5
 Summon Mana Viper        Hex/Summ       10%        N/A       100%        5
 Yara's Violent Unravell  Hex/Alch       5%         3d4       100%        5
 Conjure Ball Lightning   Conj/Air       8%         3x3d6     100%        6
 Death Channel            Necr           5%         N/A       100%        6
 Sculpt Simulacrum        Ice/Alch       5%         N/A       100%        6
 Starburst                Conj/Fire      8%         6d4       100%        6
 Summon Cactus Giant      Summ           5%         N/A       100%        6
 Haunt                    Necr/Summ      5%         N/A       100%        7
 Monstrous Menagerie      Summ           5%         N/A       100%        7
 Summon Hydra             Summ           5%         N/A       100%        7
 Borgnjor's Revivificati  Necr           5%         N/A       100%        8
 Discord                  Hex            5%         N/A       100%        8
 Ignition                 Fire           5%         3d4       100%        8
 Maxwell's Capacitive Co  Air            5%         ∞         100%        8
 Death's Door             Necr           5%         N/A       100%        9


Dungeon Overview and Level Annotations

Branches:
Dungeon (15/15)            Temple (0/1) D:6            Lair (5/5) D:10
  Swamp (4/4) Lair:3       Spider (4/4) Lair:2        Slime (5/5) Lair:5
    Orc (2/2) D:9             Elf (3/3) Orc:2        Vaults (4/5) D:13
  Crypt (0/3) Vaults:3     Depths (4/4) D:15            Zot (5/5) Depths:4
  IceCv (visited)          WizLab (visited)

Altars:
Cheibriados
Dithmenos
Elyvilon
Fedhas
Hepliaklqana
Makhleb
Okawaru
Qazlal
Ru
Trog
Vehumet
Xom
The Shining One
Jiyva

Shops:
D:11 !([*   Orc:2 ?!??   Elf:1 :=::   Vaults:1 *   Vaults:2 *

Portals:
Hell: Lair:5 Depths:1 Depths:2 Depths:3 Depths:4
Abyss: Depths:2 Depths:3
Pandemonium: Depths:2

Annotations:
Spider:1 2 transporters, exclusion: orange crystal statue, Arachne; Feguytzu's ghost, journeyman GrMo; Tukedd's ghost, journeyman GnIE
Vaults:4 36 runed translucent doors
Zot:3 6 transporters, exclusion: downstairs


Innate Abilities, Weirdness & Mutations

Armour fits poorly on your strangely shaped body.
You have extremely tough skin. (AC +3)
You have a long armoured tail.
You regenerate magic and health when rolling toward enemies. (Rampage Regen)
You are clumsy. (Dex -2)
You occasionally shout uncontrollably at your foes.
Your body is covered in eyes which may confuse attackers. (Acc +7, SInv)
Your spells are easier to cast, but less powerful.
You sometimes lose the ability to read scrolls when taking damage.


Message History

What level of the Dungeon? (default 1, ? - help)
An Orb Guardian comes into view.
There is a stone staircase leading up here.
You fly upwards.
There is a stone staircase leading down here.
What level of the Dungeon? (default 1, ? - help)
There is a stone staircase leading up here.
You fly upwards.
There is a stone staircase leading down here.
You swap places.
A lorocyproca comes into view.
The lorocyproca gives a chilling moan.
There is a stone staircase leading up here.
You fly upwards.
There is a stone staircase leading down here.
What level of the Dungeon? (default 1, ? - help)
You hear a distant slurping noise.
You hear a distant slurping noise.
You hear a squelching noise.
There is a stone staircase leading up, spattered with blood here.
You fly upwards.
There is a stone staircase leading down here.
There is a stone staircase leading up here.
You fly upwards.
There is a stone staircase leading down here.
There is a stone staircase leading up here.
You fly upwards.
There is a stone staircase leading down here.
You swap places.
There is a stone staircase leading up here.
You fly upwards.
There is a stone staircase leading down here.
There is a stone staircase leading up here.
You fly upwards.
There is a stone staircase leading down here.
There is a stone staircase leading up here.
You fly upwards.
There is a stone staircase leading down here.
There is an open door here.
There is a staircase leading out of the dungeon here.
You have escaped!

#########
#.......#
#.##.##J#
#.#.J.#.#
#.#.@.#.# ##
#.##'##.#### #.
#.J.....'..## #.
#######.##..## #.
#......#######.
#####..........
##........##.
#.........##.
#######.....⌠.....


You could see a neutral jelly (wandering) (fellow slime).

Vanquished Creatures
  5 dread liches
  6 orbs of fire (Zot:5)
  4 juggernauts
  Sojobo (Depths:1)
  Bai Suzhen (Swamp:2)
  4 Killer Klowns
  Vv (Depths:4)
  2 caustic shrikes (Depths:4)
  12 golden dragons
  A profane servitor (D:13)
  3 pandemonium lords
  2 Tzitzimimeh
  A hellephant (Depths:3)
  4 electric golems
  Jorgrun (D:12)
  A walking crystal tome (Depths:3)
  A Hell Sentinel (Depths:4)
  18 tentacled monstrosities
  28 Orb Guardians
  2 deep elf blademasters (Elf:3)
  5 liches
  3 quicksilver dragons
  Asterion (Spider:2)
  A walking divine tome (Depths:4)
  4 titans
  7 sphinxes
  2 walking frostbound tomes
  2 deep elf master archers (Elf:3)
  10 death cobs
  A tentacled starspawn (WizLab)
  4 draconian knights
  7 shadow dragons
  10 storm dragons
  Roxanne (Swamp:1)
  7 tengu reavers
  A fenstrider witch (Swamp:3)
  A nargun (Zig:3)
  6 draconian monks
  3 protean progenitors
  7 draconian shifters
  15 fire giants
  2 emperor scorpions
  8 frost giants
  The ghost of FoolsGold the Warrior, a journeyman MiBe of Trog (Lair:5)
  3 iron dragons (Depths:4)
  4 vault wardens
  6 draconian scorchers
  10 ghost moths
  2 deep elf sorcerers (Elf:3)
  An orc warlord (Vaults:3)
  2 deep elf elementalists (Elf:3)
  2 ghouls (Swamp:4)
  4 spriggan defenders
  9 ironbound preservers
  5 draconian annihilators
  4 broodmothers
  A draconian stormcaller (Zot:2)
  A demonspawn blood saint (Zig:2)
  9 stone giants
  7 vampire knights
  11 deep elf demonologists
  12 very ugly things
  12 green draconians
  3 deep elf annihilators
  5 eleionomae
  5 black draconians
  2 deep elf death magi
  15 dire elephants
  8 purple draconians
  8 white draconians
  Azrael (D:14)
  4 bunyips
  A minotaur (Vaults:3)
  5 spark wasps (Depths:4)
  13 yellow draconians
  An eidolon (WizLab)
  10 red draconians
  13 ettins
  A green death (Zig:5)
  A shambling mangrove (Swamp:4)
  A merfolk javelineer (Zig:1)
  8 entropy weavers
  7 yaktaur captains
  8 fire dragons
  Josephine (Lair:3)
  A deep elf high priest (Elf:3)
  11 ice dragons
  A peacekeeper (Vaults:3)
  A quicksilver dragon skeleton (Vaults:2)
  A salamander tyrant (Depths:3)
  4 rakshasas
  12 alligators
  8 centaur warriors
  2 vault guards
  3 ghost crabs
  A sphinx zombie (Vaults:4)
  2 jorogumos
  8 spriggan air magi
  24 hydras
  An ogre mage (Orc:2)
  5 two-headed ogres
  4 radroaches
  26 dancing weapons
  10 boulder beetles
  A catoblepas (Lair:5)
  2 satyrs (Zot:1)
  7 ironbound frosthearts
  7 deep troll shamans
  4 orc high priests
  9 deep troll earth magi
  6 death yaks
  9 demonic crawlers
  7 hell hogs (Depths:3)
  3 occultists
  8 tengu warriors
  A thrashing horror (WizLab)
  6 spriggan berserkers
  A soul eater (Depths:2)
  13 deep elf knights
  A sun demon (Lair:5)
  19 hell knights
  A salamander mystic (Depths:3)
  Amaemon (Lair:3)
  6 pharaoh ants
  Nergalle (Lair:1)
  7 iron trolls
  2 sixfirhies
  A death drake (WizLab)
  8 goliath frogs
  A swamp dragon (shapeshifter) (D:14)
  47 deep trolls
  A spriggan druid (Swamp:4)
  13 orb spiders
  9 swamp dragons
  16 bog bodies
  3 arcanists
  9 orc knights
  3 flayed ghosts
  A shadow demon (Depths:2)
  2 sun moths
  23 deep elf pyromancers
  12 deep elf archers
  An obsidian statue (Zot:5)
  5 steelbarb worms
  A mana viper (shapeshifter) (Depths:2)
  5 phantasmal warriors
  14 ironbound convokers
  19 deep elf zephyrmancers
  6 necromancers
  6 lindwurms
  4 cyclopes
  8 orc sorcerers
  28 wolf spiders
  2 salamanders (Depths:3)
  4 manticores
  4 will-o-the-wisps
  An elf skeleton (Vaults:2)
  3 oklob plants
  A worldbinder (WizLab)
  24 ugly things
  Maurice (D:9)
  A fire giant skeleton (Vaults:2)
  9 elephants (Lair:5)
  3 meliai (Spider:1)
  20 moths of wrath
  6 black mambas
  A black mamba (shapeshifter) (Elf:3)
  6 kobold blastminers
  A smoke demon (Depths:2)
  5 orange demons
  6 torpor snails
  7 vault sentinels
  A gargoyle (D:12)
  Maggie (Lair:2)
  9 cane toads
  6 rime drakes
  An unseen horror (D:12)
  An efreet (D:15)
  12 komodo dragons
  2 freezing wraiths
  A hellion (Zot:4)
  15 yaktaurs
  9 trolls
  6 ice devils
  7 polar bears
  6 tengu conjurers
  A merfolk (shapeshifter) (D:12)
  3 hellwings
  4 tyrant leeches
  Grinder (D:3)
  10 hornets
  35 tarantellas
  A stone giant simulacrum (Vaults:4)
  6 blink frogs
  A dream sheep (Lair:5)
  29 culicivoras
  44 jumping spiders
  7 spriggans
  2 dire elephant simulacra
  Sigmund (D:6)
  6 wraiths
  6 air elementals
  Eustachio (D:6)
  7 water elementals
  2 wyverns
  A ynoxinul (Zot:1)
  A hog (D:7)
  2 basilisks (Lair:5)
  A human (D:13)
  Grum (Lair:1)
  9 wargs
  49 yaks
  8 fire elementals
  63 redbacks
  8 vampire mosquitoes
  A steam dragon (D:9)
  A chaos spawn (D:15)
  4 acid dragons
  17 swamp worms
  7 water moccasins
  6 hell hounds
  2 black bears (D:7)
  10 swamp drakes
  29 orc warriors
  3 ice beasts
  A deep troll simulacrum (Vaults:4)
  A glowing shapeshifter skeleton (Vaults:4)
  2 laughing skulls (D:14)
  11 ogres
  A tengu (shapeshifter) (Elf:1)
  A human zombie (Vaults:4)
  11 centaurs
  14 wolves
  4 boggarts (Vaults:2)
  2 kobold brigands
  A cane toad simulacrum (IceCv)
  10 bullfrogs
  6 earth elementals
  5 gnoll sergeants
  3 two-headed ogre simulacra (Lair:4)
  3 wights (D:7)
  8 killer bees (D:9)
  An elephant simulacrum (IceCv)
  6 electric eels
  A howler monkey (shapeshifter) (D:15)
  A vampire bat (D:5)
  2 bombardier beetles
  2 lava snakes (Lair:5)
  2 gnoll boudas (D:7)
  2 hounds
  15 orc priests
  8 iguanas
  A troll simulacrum (Lair:4)
  21 orc wizards
  A polar bear simulacrum (Lair:4)
  A spriggan simulacrum (Lair:4)
  2 wolf simulacra (IceCv)
  20 gnolls
  3 adders
  A shadow imp (D:6)
  5 white imps
  2 ufetubi (D:5)
  2 dart slugs
  6 fire bats
  59 orcs
  2 spectral bats (D:5)
  3 bat skeletons (D:5)
  A bat zombie (D:5)
  2 giant cockroaches
  4 goblins
  4 hobgoblins
  3 quokkas
  6 ball pythons
  13 bats
  A bat simulacrum (D:5)
  16 kobolds
  21 rats
1822 creatures vanquished.

Vanquished Creatures (collateral kills)
  A Killer Klown (Zot:4)
  2 thorn hunters (Swamp:2)
  Aizul (Swamp:1)
  A fire giant (Zig:7)
  A stone giant (D:15)
  An eleionoma (Swamp:4)
  A wendigo (Zig:3)
  A deep elf annihilator (Elf:3)
  An entropy weaver (Zot:4)
  4 radroaches (Spider:4)
  2 dancing weapons (Elf:3)
  2 boulder beetles
  A two-headed ogre (D:9)
  6 death yaks (D:10)
  An orb spider (Spider:4)
  2 bog bodies
  Pikel (D:6)
  A deep elf zephyrmancer (Elf:3)
  A wolf spider (Spider:4)
  2 cyclopes (D:11)
  A tormentor (Zig:3)
  A jumping spider (Spider:4)
  A steam dragon (D:7)
  A redback (Spider:4)
  An acid dragon (D:12)
  3 ogres
  2 lemures (D:6)
  A bullfrog (D:7)
  5 electric eels
49 creatures vanquished.

Vanquished Creatures (others)
  A juggernaut (Zig:7)
  A Killer Klown (Zot:5)
  The ghost of Imio the Warrior, an adept DgCj (Depths:2)
  An acid blob (Vaults:2)
  A quicksilver dragon (Zot:1)
  A sphinx (Vaults:3)
  A tengu reaver (Vaults:4)
  A shadow dragon (Zot:5)
  A fenstrider witch (Swamp:4)
  2 vault wardens (Vaults:3)
  A ghost moth (Zot:2)
  3 ironbound preservers
  2 formless jellyfish (Vaults:4)
  A black draconian (Zot:1)
  A fire dragon (Depths:2)
  A yaktaur captain (Vaults:3)
  A hell beast (D:11)
  5 great orbs of eyes
  An ironbound frostheart (Vaults:3)
  A dancing weapon (Elf:3)
  A two-headed ogre (D:13)
  A deep troll shaman (Depths:4)
  An orc high priest (Orc:1)
  A spriggan berserker (Depths:1)
  2 shock serpents (shapeshifter)
  A skyshark (shapeshifter) (Depths:1)
  A deep elf knight (Elf:1)
  A spriggan druid (Zig:5)
  An orb spider (shapeshifter) (Depths:4)
  A sea snake (shapeshifter) (Depths:1)
  A swamp dragon (Swamp:4)
  6 glowing orange brains
  A deep troll (Vaults:3)
  A lindwurm (Vaults:3)
  A phantasmal warrior (Vaults:3)
  An ironbound convoker (Vaults:1)
  A lindwurm (shapeshifter) (Depths:4)
  2 shining eyes (shapeshifter) (Depths:1)
  An ugly thing (Depths:1)
  A cyclops (Zig:7)
  2 wolf spiders
  A moth of wrath (shapeshifter) (Depths:2)
  An eye of devastation (Depths:2)
  2 vault sentinels
  5 yaktaurs
  An ice devil (Zot:5)
  A merfolk (shapeshifter) (WizLab)
  A glass eye (Depths:4)
  A bloated husk (Zig:5)
  9 slime creatures
  2 yaks (Lair:5)
  A water elemental (Elf:1)
  A swamp worm (Swamp:4)
  2 black bears
  An orc warrior (Orc:2)
  A boggart (Vaults:1)
  3 centaurs (D:9)
  2 wolves (Lair:1)
  A phantom (D:6)
  A kobold brigand (D:11)
  3 bullfrogs
  A scorpion (D:5)
  3 killer bees (D:9)
  351 jellies
  2 hounds (D:6)
  5 orc priests
  6 orc wizards
  6 gnolls
  An adder (D:6)
  2 ufetubi (D:4)
  A ribbon worm (shapeshifter) (Elf:1)
  A dart slug (D:1)
  An endoplasm (D:3)
  15 orcs
  4 goblins
  A quokka (D:1)
  A ball python (D:4)
  A bat (D:2)
  6 kobolds
  24 foxfires
  2 starspawn tentacles (WizLab)
531 creatures vanquished.

Grand Total: 2402 creatures vanquished

Notes
Turn   | Place    | Note
-------+----------+-------------------------------------------
     0 | D:1      | boberto the Armataur Conjurer began the quest for the Orb.
     0 | D:1      | Reached XP level 1. HP: 14/14 MP: 3/3
   115 | D:1      | Found a faded altar of an unknown god.
   144 | D:1      | Prayed at the altar of an unknown god.
   144 | D:1      | Became a worshipper of Jiyva Juke the Shapeless
   144 | D:1      | Reached * piety under Jiyva
   282 | D:1      | Reached XP level 2. HP: 22/22 MP: 3/5
   290 | D:1      | You fall into a shaft and drop 1 floor!
   573 | D:2      | Reached ** piety under Jiyva
   647 | D:2      | Found a burning altar of Makhleb.
   683 | D:2      | Reached skill level 1 in Fighting
  1089 | D:1      | Reached XP level 3. HP: 28/28 MP: 6/6
  1092 | D:1      | Learned a level 2 spell: Searing Ray
  1487 | D:3      | Noticed Grinder
  2022 | D:3      | Paralysed by Grinder for 5 turns
  2213 | D:3      | Reached *** piety under Jiyva
  2232 | D:3      | Gained mutation: Your natural rate of healing is unusually
                  | fast. [Jiyva's grace]
  2232 | D:3      | Gained mutation: You heal very quickly. [Jiyva's grace]
  2232 | D:3      | Gained mutation: You regenerate. [Jiyva's grace]
  2232 | D:3      | Gained mutation: You have a small jelly attached to you
                  | that senses nearby items. [Jiyva's grace]
  2504 | D:3      | Reached skill level 1 in Maces & Flails
  2504 | D:3      | Reached XP level 4. HP: 32/36 MP: 7/7
  3145 | D:4      | Reached **** piety under Jiyva
  3340 | D:4      | Noticed a gnoll sergeant
  3345 | D:4      | Killed a gnoll sergeant
  3346 | D:4      | Reached XP level 5. HP: 42/42 MP: 5/9
  3763 | D:5      | Entered Level 5 of the Dungeon
  3795 | D:5      | Reached XP level 6. HP: 50/50 MP: 7/11
  3803 | D:5      | Noticed an ice beast
  4373 | D:5      | Gained mutation: Your body has grown eyes which may confuse
                  | attackers. (Acc +3) [Jiyva's grace]
  4373 | D:5      | Gained mutation: Your body has grown many eyes which may
                  | confuse attackers. (Acc +5) [Jiyva's grace]
  4373 | D:5      | Gained mutation: Your body is covered in eyes which may
                  | confuse attackers. (Acc +7, SInv) [Jiyva's grace]
  4373 | D:5      | Gained mutation: You are agile. (Dex +4, Str/Int -1)
                  | [Jiyva's grace]
  4376 | D:5      | Found a sacrificial altar of Ru.
  4376 | D:5      | Found an iron altar of Okawaru.
  4384 | D:5      | Found a stormy altar of Qazlal.
  4397 | D:5      | Killed an ice beast
  4398 | D:5      | Gained mutation: You regenerate magic and health when
                  | rolling toward enemies. (Rampage Regen) [Armataur growth]
  4398 | D:5      | Reached XP level 7. HP: 57/57 MP: 5/12
  4471 | D:5      | Found a shadowy altar of Dithmenos.
  4905 | D:6      | Found a staircase to the Ecumenical Temple.
  4967 | D:6      | Reached ***** piety under Jiyva
  5116 | D:6      | Found a white marble altar of Elyvilon.
  5149 | D:6      | Noticed Sigmund
  5165 | D:6      | Killed Sigmund
  5166 | D:6      | Reached skill level 5 in Fighting
  5166 | D:6      | Reached XP level 8. HP: 60/68 MP: 10/14
  5172 | D:6      | Reached skill level 5 in Maces & Flails
  5285 | D:6      | Noticed Pikel
  5291 | D:6      | Killed Pikel
  5501 | D:6      | Noticed Eustachio
  5518 | D:6      | Killed Eustachio
  6133 | D:7      | Reached XP level 9. HP: 56/79 MP: 13/15
  6335 | D:7      | Lost mutation: You are agile. (Dex +4, Str/Int -1) [Jiyva's
                  | grace]
  6335 | D:7      | Lost mutation: Your body is covered in eyes which may
                  | confuse attackers. (Acc +7, SInv) [Jiyva's grace]
  6335 | D:7      | Gained mutation: You are partially covered in large bone
                  | plates. (SH +4) [Jiyva's grace]
  6335 | D:7      | Gained mutation: You are mostly covered in large bone
                  | plates. (SH +6) [Jiyva's grace]
  6335 | D:7      | Gained mutation: You are completely covered in large bone
                  | plates. (SH +8) [Jiyva's grace]
  6335 | D:7      | Gained mutation: Your mind is acute. (Int +4, Str/Dex -1)
                  | [Jiyva's grace]
  6789 | D:7      | Found a runed translucent gate.
  6789 | D:7      | Found a runed translucent gate.
  6789 | D:7      | Found a runed translucent gate.
  6789 | D:7      | Noticed a polar bear
  6790 | D:7      | Noticed a death yak
  6790 | D:7      | Noticed a polar bear
  6790 | D:7      | Noticed a manticore
  6790 | D:7      | Noticed a polar bear
  6791 | D:7      | Found the +8 autumn katana {manifold assault}
  7005 | D:8      | Found a bloodstained altar of Trog.
  7057 | D:8      | Reached skill level 1 in Armour
  7057 | D:8      | Reached skill level 1 in Shields
  7239 | D:8      | Reached ****** piety under Jiyva
  8552 | D:9      | Reached skill level 1 in Shapeshifting
  8564 | D:9      | Reached XP level 10. HP: 90/90 MP: 8/16
  8571 | D:9      | Found a staircase to the Orcish Mines.
  8960 | D:9      | Noticed a two-headed ogre
  8975 | D:9      | Killed a two-headed ogre
  9027 | D:9      | Found a blossoming altar of Fedhas.
  9043 | D:9      | Noticed an oklob plant
  9258 | D:10     | Entered Level 10 of the Dungeon
  9292 | D:10     | Noticed a death yak
  9292 | D:10     | Noticed a death yak
  9292 | D:10     | Noticed a death yak
  9395 | D:10     | Lost mutation: You are completely covered in large bone
                  | plates. (SH +8) [Jiyva's grace]
  9395 | D:10     | Lost mutation: You regenerate. [Jiyva's grace]
  9395 | D:10     | Lost mutation: Your body has grown many eyes which may
                  | confuse attackers. (Acc +5) [Jiyva's grace]
  9395 | D:10     | Gained mutation: You have hidden genetic potential.
                  | [Jiyva's grace]
  9395 | D:10     | Gained mutation: You have great hidden genetic potential.
                  | [Jiyva's grace]
  9395 | D:10     | Gained mutation: Your tail ends in a venomous barb.
                  | [Jiyva's grace]
  9395 | D:10     | Gained mutation: Your tail ends in a sharp venomous barb.
                  | [Jiyva's grace]
  9575 | D:10     | Noticed a death yak
  9578 | D:10     | Noticed a death yak
  9580 | D:10     | Noticed a death yak
  9609 | D:10     | Killed a death yak
  9610 | D:10     | Reached skill level 5 in Shields
  9615 | D:10     | Killed a death yak
  9931 | D:10     | Found a staircase to the Lair.
  9932 | D:10     | Noticed a death yak
  9958 | D:10     | Killed a death yak
  9959 | D:10     | Reached XP level 11. HP: 69/97 MP: 15/17
  9973 | D:10     | Noticed a death yak
  9977 | D:10     | Killed a death yak
  9984 | D:10     | Killed a death yak
 10000 | D:10     | Killed a death yak
 10004 | D:10     | Killed a death yak
 10007 | D:10     | Killed a death yak
 10021 | D:10     | Gained mutation: You are strong-willed. (Will+) [hidden
                  | potential]
 10345 | D:11     | Found Radghotsa's Antique Weapon Shop.
 10348 | D:11     | Found Vuucueri's Distillery.
 10365 | D:11     | Bought a potion of heal wounds for 75 gold pieces
 10373 | D:11     | Reached skill level 10 in Fighting
 10378 | D:11     | Noticed a two-headed ogre
 10388 | D:11     | Killed a two-headed ogre
 10389 | D:11     | Reached skill level 5 in Shapeshifting
 10472 | D:11     | Found a frozen archway.
 10490 | D:11     | Reached skill level 10 in Maces & Flails
 10501 | IceCv    | Entered an ice cave
 10805 | IceCv    | Found a transporter.
 10807 | IceCv    | Noticed a white ugly thing
 10811 | IceCv    | Found a transporter.
 10812 | IceCv    | Identified the +8 plate armour "Trusted Companion" {rF+ rC+
                  | Dex+5}
 10946 | D:11     | Noticed a two-headed ogre
 10956 | D:11     | Killed a two-headed ogre
 10995 | D:11     | Found Hoataarchi's Overcharged Wands.
 11148 | D:11     | Found Equloemm's Armour Shoppe.
 11430 | Lair:1   | Entered Level 1 of the Lair of Beasts
 11625 | Lair:1   | Reached XP level 12. HP: 102/107 MP: 18/18
 11966 | Lair:1   | Noticed Nergalle
 12025 | Lair:1   | Killed Nergalle
 12243 | Lair:1   | Noticed Grum
 12256 | Lair:1   | Killed Grum
 12631 | Lair:2   | Found a transporter.
 12938 | Lair:1   | Gained mutation: You are robust. (+10% HP) [hidden
                  | potential]
 12938 | Lair:1   | Lost mutation: You have great hidden genetic potential.
                  | [hidden potential expressed]
 12967 | Lair:2   | Lost mutation: You are mostly covered in large bone plates.
                  | (SH +6) [Jiyva's grace]
 12967 | Lair:2   | Lost mutation: Your mind is acute. (Int +4, Str/Dex -1)
                  | [Jiyva's grace]
 12967 | Lair:2   | Gained mutation: Your translucent skin slightly reduces
                  | your foes' accuracy. (Stealth+) [Jiyva's grace]
 12967 | Lair:2   | Gained mutation: Your translucent skin reduces your foes'
                  | accuracy. (Stealth+) [Jiyva's grace]
 12967 | Lair:2   | Gained mutation: Your transparent skin significantly
                  | reduces your foes' accuracy. (Stealth+) [Jiyva's grace]
 12967 | Lair:2   | Gained mutation: Your rubbery body absorbs attacks. (AC +1,
                  | EV +1) [Jiyva's grace]
 12980 | Lair:2   | Noticed a six-headed hydra
 12998 | Lair:2   | Killed a six-headed hydra
 13271 | Lair:2   | Found a transporter.
 13390 | Lair:2   | Reached skill level 1 in Evocations
 13430 | Lair:2   | Reached skill level 1 in Throwing
 13493 | Lair:2   | Noticed Maggie
 13530 | Lair:2   | Killed Maggie
 13603 | Lair:2   | Found a hole to the Spider Nest.
 14087 | Lair:3   | Found a staircase to the Swamp.
 14087 | Lair:3   | Noticed Amaemon
 14109 | Lair:3   | Killed Amaemon
 14164 | Lair:3   | Noticed Josephine
 14193 | Lair:3   | Killed Josephine
 14491 | Lair:3   | You fall into a shaft and drop 2 floors!
 14491 | Lair:5   | Entered Level 5 of the Lair of Beasts
 14533 | Lair:5   | Reached skill level 5 in Evocations
 14551 | Lair:5   | Reached skill level 5 in Throwing
 14821 | Lair:3   | Reached XP level 13. HP: 125/125 MP: 19/19
 15582 | Lair:4   | Lost mutation: You are strong-willed. (Will+) [Jiyva's
                  | grace]
 15582 | Lair:4   | Lost mutation: You heal very quickly. [Jiyva's grace]
 15582 | Lair:4   | Gained mutation: You have a pair of small horns on your
                  | head. [Jiyva's grace]
 15582 | Lair:4   | Gained mutation: You have a pair of horns on your head.
                  | [Jiyva's grace]
 15582 | Lair:4   | Gained mutation: You have a pair of large horns on your
                  | head. [Jiyva's grace]
 15582 | Lair:4   | Gained mutation: You heal very quickly. [Jiyva's grace]
 15648 | Lair:4   | Gained mutation: You have sharp toenails. [hidden
                  | potential]
 16349 | Lair:5   | Found a viscous altar of Jiyva.
 16351 | Lair:5   | Found a staircase to the Slime Pits.
 16437 | Slime:1  | Entered Level 1 of the Pits of Slime
 16442 | Slime:1  | Noticed an acid blob
 16459 | Slime:4  | Noticed a formless jellyfish
 16459 | Slime:4  | Noticed an azure jelly
 16459 | Slime:4  | Noticed a quicksilver ooze
 16461 | Slime:4  | Noticed a rockslime
 16462 | Slime:4  | Noticed a formless jellyfish
 16464 | Slime:4  | Noticed a formless jellyfish
 16471 | Slime:5  | Entered Level 5 of the Pits of Slime
 16481 | Slime:5  | Noticed an acid blob
 16481 | Slime:5  | Noticed a quicksilver ooze
 16481 | Slime:5  | Noticed an acid blob
 16482 | Slime:5  | Noticed a rockslime
 16486 | Slime:5  | Found a viscous altar of Jiyva.
 16486 | Slime:5  | Noticed an acid blob
 16495 | Slime:5  | Noticed an acid blob
 16499 | Slime:5  | Got the Octavo of Lithomancy and Peregrination
 16501 | Slime:5  | Got a slimy rune of Zot
 16502 | Slime:5  | Identified the +8 falchion "Beastslayer" {holy, Will+
                  | Int+2}
 16503 | Slime:5  | Got a starry gem with 536 turns to spare
 16515 | Slime:5  | Noticed an acid blob
 16515 | Slime:5  | Identified the +0 scale mail of Rawutric {rElec rN+++}
 16518 | Slime:5  | Identified the staff "Tavihinouj" {rPois Dex+2 Alchemy}
 16534 | Slime:5  | Got the Papyrus of Shadows
 16542 | Slime:5  | Got the Spellbook of Glaciation
 16546 | Slime:5  | Noticed a rockslime
 16546 | Slime:5  | Noticed a rockslime
 16596 | Slime:4  | Noticed a formless jellyfish
 16614 | Slime:2  | Noticed an acid blob
 16640 | Lair:5   | Noticed FoolsGold's ghost (journeyman MiBe)
 16645 | Lair:5   | Found a runed translucent gate.
 16645 | Lair:5   | Found a runed translucent gate.
 16645 | Lair:5   | Found a runed translucent gate.
 17484 | D:3      | Paralysed by Grinder for 4 turns
 17492 | D:3      | Killed Grinder
 17660 | D:7      | Reached XP level 14. HP: 130/139 MP: 20/20
 17874 | D:11     | Reached skill level 1 in Long Blades
 17948 | D:12     | Identified the scarf "Jeot" {shadows, Int+2}
 18014 | D:12     | Gained mutation: You have sharp fingernails. [hidden
                  | potential]
 18014 | D:12     | Lost mutation: You have hidden genetic potential. [hidden
                  | potential expressed]
 18062 | D:12     | Noticed Jorgrun
 18073 | D:12     | Killed Jorgrun
 18688 | D:13     | Reached skill level 5 in Long Blades
 18924 | D:13     | Found a gate to the Vaults.
 18962 | D:13     | Lost mutation: You have sharp fingernails. [Jiyva's grace]
 18962 | D:13     | Lost mutation: Your tail ends in a sharp venomous barb.
                  | [Jiyva's grace]
 18962 | D:13     | Lost mutation: You heal very quickly. [Jiyva's grace]
 18962 | D:13     | Lost mutation: Your rubbery body absorbs attacks. (AC +1,
                  | EV +1) [Jiyva's grace]
 18962 | D:13     | Lost mutation: Your transparent skin significantly reduces
                  | your foes' accuracy. (Stealth+) [Jiyva's grace]
 18962 | D:13     | Gained mutation: Your muscles are strong. (Str +4, Int/Dex
                  | -1) [Jiyva's grace]
 18962 | D:13     | Gained mutation: Your muscles are very strong. (Str +8,
                  | Int/Dex -2) [Jiyva's grace]
 18962 | D:13     | Gained mutation: Your transparent skin significantly
                  | reduces your foes' accuracy. (Stealth+) [Jiyva's grace]
 18962 | D:13     | Gained mutation: You are covered in fur. (AC +1) [Jiyva's
                  | grace]
 19440 | D:14     | Noticed Azrael
 19464 | D:14     | Killed Azrael
 20186 | D:15     | Entered Level 15 of the Dungeon
 20303 | D:15     | Learned a level 2 spell: Lesser Beckoning
 20467 | D:15     | Found a glowing golden altar of the Shining One.
 20666 | D:15     | Found a staircase to the Depths.
 20666 | D:15     | Noticed a stone giant
 20674 | D:15     | Killed a stone giant
 20771 | D:15     | Lost mutation: You have a pair of large horns on your head.
                  | [Jiyva's grace]
 20771 | D:15     | Lost mutation: Your body has grown eyes which may confuse
                  | attackers. (Acc +3) [Jiyva's grace]
 20771 | D:15     | Lost mutation: Your transparent skin significantly reduces
                  | your foes' accuracy. (Stealth+) [Jiyva's grace]
 20771 | D:15     | Gained mutation: You have an increased reservoir of magic.
                  | (+10% MP) [Jiyva's grace]
 20771 | D:15     | Gained mutation: You have a considerably increased
                  | reservoir of magic. (+20% MP) [Jiyva's grace]
 20771 | D:15     | Gained mutation: You have a greatly increased reservoir of
                  | magic. (+30% MP) [Jiyva's grace]
 20771 | D:15     | Gained mutation: You have sharp fingernails. [Jiyva's
                  | grace]
 21148 | Orc:1    | Entered Level 1 of the Orcish Mines
 21148 | Orc:1    | Noticed Maurice
 21188 | D:9      | Something stole 12 poisoned darts
 21208 | D:9      | Killed Maurice
 21462 | D:9      | Reached XP level 15. HP: 131/148 MP: 27/27
 22144 | Orc:2    | Entered Level 2 of the Orcish Mines
 22357 | Orc:2    | Found a staircase to the Elven Halls.
 22407 | Orc:2    | Reached skill level 10 in Long Blades
 22605 | Orc:2    | Learned a level 1 spell: Apportation
 23413 | Orc:2    | Found Lullim's Magic Scroll Emporium.
 23413 | Orc:2    | Found Maozaeg's Magic Scroll Shop.
 23421 | Orc:2    | Found Wally's Magic Scroll Emporium.
 23421 | Orc:2    | Found Pola Gagauw's Distillery.
 23429 | Orc:2    | Bought a scroll of identify for 28 gold pieces
 23429 | Orc:2    | Bought a scroll of identify for 28 gold pieces
 23434 | Orc:2    | Bought a scroll of noise for 14 gold pieces
 23447 | Orc:2    | Bought a scroll of identify for 24 gold pieces
 23447 | Orc:2    | Bought a scroll of identify for 24 gold pieces
 23447 | Orc:2    | Bought a scroll of identify for 24 gold pieces
 23447 | Orc:2    | Bought a scroll of identify for 24 gold pieces
 23460 | Orc:2    | Bought a scroll of acquirement for 624 gold pieces
 23460 | Orc:2    | Acquired the +0 barding of Disaster {rF+ Will+ Dex+2
                  | Slay+3}
 23468 | Orc:2    | Bought a potion of cancellation for 88 gold pieces
 23468 | Orc:2    | Bought a potion of haste for 110 gold pieces
 23468 | Orc:2    | Bought a potion of heal wounds for 55 gold pieces
 23468 | Orc:2    | Bought a potion of mutation for 88 gold pieces
 23470 | Orc:2    | Bought a potion of haste for 110 gold pieces
 23471 | Orc:2    | Bought a scroll of teleportation for 36 gold pieces
 23471 | Orc:2    | Bought a scroll of teleportation for 36 gold pieces
 23475 | Orc:2    | Bought a scroll of blinking for 105 gold pieces
 23916 | Lair:5   | Found a burning altar of Makhleb.
 24031 | Lair:5   | Found a gateway to Hell.
 24145 | Swamp:1  | Entered Level 1 of the Swamp
 24205 | Swamp:1  | Lost mutation: You have sharp fingernails. [Jiyva's grace]
 24205 | Swamp:1  | Lost mutation: You have a pair of horns on your head.
                  | [Jiyva's grace]
 24205 | Swamp:1  | Lost mutation: Your tail ends in a venomous barb. [Jiyva's
                  | grace]
 24205 | Swamp:1  | Lost mutation: You have a greatly increased reservoir of
                  | magic. (+30% MP) [Jiyva's grace]
 24205 | Swamp:1  | Lost mutation: You have a considerably increased reservoir
                  | of magic. (+20% MP) [Jiyva's grace]
 24205 | Swamp:1  | Gained mutation: Armour fits poorly on your pseudopods.
                  | [Jiyva's grace]
 24205 | Swamp:1  | Gained mutation: Armour fits poorly on your large
                  | pseudopods. [Jiyva's grace]
 24205 | Swamp:1  | Gained mutation: Armour fits poorly on your massive
                  | pseudopods. [Jiyva's grace]
 24205 | Swamp:1  | Gained mutation: Your melee attacks may engulf your foes in
                  | ooze. [Jiyva's grace]
 24223 | Swamp:1  | Identified the serpent talisman of Duemael {rElec rN+ Will-
                  | Stlth+}
 24223 | Swamp:1  | Noticed Aizul
 24227 | Swamp:1  | You fall into a shaft and drop 1 floor!
 24272 | Swamp:2  | Reached skill level 5 in Armour
 24405 | Swamp:1  | Noticed Roxanne
 24405 | Swamp:1  | Found a snail-covered altar of Cheibriados.
 24420 | Swamp:2  | Noticed a tentacled monstrosity
 24461 | Swamp:2  | Killed a tentacled monstrosity
 24605 | Swamp:2  | Found the +12 glaive of Prune {freeze, Prune}
 24834 | Swamp:1  | Noticed a thorn hunter
 24834 | Swamp:1  | Noticed a thorn hunter
 24892 | Swamp:2  | Killed a thorn hunter
 24909 | Swamp:2  | Killed a thorn hunter
 24963 | Swamp:1  | Reached skill level 5 in Dodging
 24963 | Swamp:1  | Reached XP level 16. HP: 153/158 MP: 24/24
 24994 | Swamp:1  | Killed Aizul
 25350 | Swamp:1  | Killed Roxanne
 25702 | Swamp:3  | Noticed Bai Suzhen
 25862 | Swamp:2  | Killed Bai Suzhen
 26385 | Swamp:4  | Entered Level 4 of the Swamp
 26608 | Swamp:3  | Reached skill level 1 in Translocations
 26937 | Swamp:4  | Reached skill level 2 in Translocations
 27010 | Swamp:4  | Reached skill level 3 in Translocations
 27327 | Swamp:4  | Reached skill level 4 in Translocations
 27429 | Swamp:4  | Lost mutation: You are partially covered in large bone
                  | plates. (SH +4) [Jiyva's grace]
 27429 | Swamp:4  | Lost mutation: Your natural rate of healing is unusually
                  | fast. [Jiyva's grace]
 27429 | Swamp:4  | Lost mutation: Armour fits poorly on your massive
                  | pseudopods. [Jiyva's grace]
 27429 | Swamp:4  | Lost mutation: Your translucent skin reduces your foes'
                  | accuracy. (Stealth+) [Jiyva's grace]
 27429 | Swamp:4  | Gained mutation: Your tail ends in a venomous barb.
                  | [Jiyva's grace]
 27429 | Swamp:4  | Gained mutation: Your tail ends in a sharp venomous barb.
                  | [Jiyva's grace]
 27429 | Swamp:4  | Gained mutation: Your tail ends in a wickedly sharp and
                  | venomous barb. [Jiyva's grace]
 27429 | Swamp:4  | Gained mutation: You have a considerably increased
                  | reservoir of magic. (+20% MP) [Jiyva's grace]
 27500 | Swamp:4  | Got a decaying rune of Zot
 27795 | Spider:1 | Entered Level 1 of the Spider Nest
 27958 | Lair:2   | Reached skill level 5 in Translocations
 28006 | Spider:1 | Reached XP level 17. HP: 158/165 MP: 27/27
 28007 | Spider:1 | Found a transporter.
 28278 | Spider:1 | Reached skill level 10 in Armour
 28399 | Spider:1 | Reached skill level 6 in Translocations
 28445 | Spider:1 | Noticed Tukedd's ghost (journeyman GnIE)
 28449 | Spider:1 | Found a transporter.
 28456 | Spider:1 | Identified the ring of Hakloesy {rN+ rCorr Dex+3}
 28456 | Spider:1 | Noticed Arachne
 28666 | Spider:2 | Reached skill level 10 in Shields
 28767 | Spider:2 | Reached skill level 7 in Translocations
 28926 | Spider:2 | Noticed Asterion
 28934 | Spider:2 | Killed Asterion
 29435 | Spider:3 | Lost mutation: Your tail ends in a wickedly sharp and
                  | venomous barb. [Jiyva's grace]
 29435 | Spider:3 | Lost mutation: Your muscles are very strong. (Str +8,
                  | Int/Dex -2) [Jiyva's grace]
 29435 | Spider:3 | Lost mutation: Your muscles are strong. (Str +4, Int/Dex
                  | -1) [Jiyva's grace]
 29435 | Spider:3 | Lost mutation: Armour fits poorly on your large pseudopods.
                  | [Jiyva's grace]
 29435 | Spider:3 | Lost mutation: Armour fits poorly on your pseudopods.
                  | [Jiyva's grace]
 29435 | Spider:3 | Lost mutation: Your translucent skin slightly reduces your
                  | foes' accuracy. (Stealth+) [Jiyva's grace]
 29435 | Spider:3 | Lost mutation: You have a small jelly attached to you that
                  | senses nearby items. [Jiyva's grace]
 29435 | Spider:3 | Gained mutation: You are somewhat resistant to further
                  | mutation. [Jiyva's grace]
 29435 | Spider:3 | Gained mutation: You are somewhat resistant to both further
                  | mutation and mutation removal. [Jiyva's grace]
 29435 | Spider:3 | Gained mutation: You are almost entirely resistant to
                  | further mutation and mutation removal. [Jiyva's grace]
 29435 | Spider:3 | Gained mutation: Your translucent skin slightly reduces
                  | your foes' accuracy. (Stealth+) [Jiyva's grace]
 29480 | Spider:3 | Reached skill level 8 in Translocations
 29545 | Spider:3 | Learned a level 2 spell: Blink
 30061 | Spider:3 | Reached skill level 9 in Translocations
 30314 | Spider:4 | Entered Level 4 of the Spider Nest
 31211 | Spider:3 | Reached skill level 5 in Spellcasting
 31296 | Spider:3 | Reached skill level 10 in Translocations
 31440 | Spider:3 | Reached XP level 18. HP: 154/172 MP: 31/31
 31728 | Spider:4 | Gained mutation: You do not regenerate when monsters are
                  | visible. [mutagenic glow]
 31875 | Spider:4 | Reached skill level 11 in Translocations
 32992 | Spider:4 | Got a gossamer rune of Zot
 33155 | Spider:1 | Noticed Feguytzu's ghost (journeyman GrMo)
 33317 | D:11     | Bought 2 potions of heal wounds for 150 gold pieces
 33317 | D:11     | Bought a potion of mutation for 120 gold pieces
 33317 | D:11     | Bought a potion of haste for 150 gold pieces
 33651 | Lair:2   | Identified the +1 pair of boots of the Devil's Team {rPois
                  | Str+3 Dex-2}
 34258 | Lair:4   | Lost mutation: Your tail ends in a sharp venomous barb.
                  | [Jiyva's grace]
 34258 | Lair:4   | Lost mutation: You do not regenerate when monsters are
                  | visible. [Jiyva's grace]
 34258 | Lair:4   | Lost mutation: Your translucent skin slightly reduces your
                  | foes' accuracy. (Stealth+) [Jiyva's grace]
 34258 | Lair:4   | Lost mutation: Your melee attacks may engulf your foes in
                  | ooze. [Jiyva's grace]
 34258 | Lair:4   | Gained mutation: Your melee attacks may engulf your foes in
                  | ooze. [Jiyva's grace]
 34258 | Lair:4   | Gained mutation: You expend magic power (3 MP) to
                  | strengthen your wands. [Jiyva's grace]
 34258 | Lair:4   | Gained mutation: You have a small jelly attached to you
                  | that senses nearby items. [Jiyva's grace]
 34258 | Lair:4   | Gained mutation: Your spells are a little harder to cast,
                  | but a little more powerful. [Jiyva's grace]
 34460 | Lair:5   | Killed FoolsGold's ghost
 34745 | Vaults:1 | Entered Level 1 of the Vaults
 34820 | Vaults:1 | Reached skill level 12 in Translocations
 35710 | Vaults:1 | Lost mutation: You have a considerably increased reservoir
                  | of magic. (+20% MP) [Jiyva's grace]
 35710 | Vaults:1 | Lost mutation: You are almost entirely resistant to further
                  | mutation and mutation removal. [Jiyva's grace]
 35710 | Vaults:1 | Lost mutation: You are somewhat resistant to both further
                  | mutation and mutation removal. [Jiyva's grace]
 35710 | Vaults:1 | Gained mutation: Your mind is acute. (Int +4, Str/Dex -1)
                  | [Jiyva's grace]
 35710 | Vaults:1 | Gained mutation: Your mind is very acute. (Int +8, Str/Dex
                  | -2) [Jiyva's grace]
 35710 | Vaults:1 | Gained mutation: Your rubbery body absorbs attacks. (AC +1,
                  | EV +1) [Jiyva's grace]
 35710 | Vaults:1 | Gained mutation: Your pliable body absorbs attacks. (AC +2,
                  | EV +2) [Jiyva's grace]
 35970 | Vaults:1 | Found Juonuvip's Assorted Antiques.
 36408 | Vaults:2 | Reached skill level 13 in Translocations
 36917 | Vaults:2 | Reached XP level 19. HP: 77/179 MP: 36/36
 36925 | Vaults:2 | Reached skill level 10 in Spellcasting
 37720 | Vaults:2 | Found Xeprurri's Assorted Antiques.
 37779 | Vaults:2 | Identified the +3 arbalest "Bagikimu" {antimagic, rCorr}
 38942 | Vaults:3 | Identified the +4 flail of the Bruised Knives {freeze,
                  | rElec Int+2}
 39253 | Vaults:3 | Found a staircase to the Crypt.
 39625 | Vaults:3 | Lost mutation: Your tail ends in a venomous barb. [Jiyva's
                  | grace]
 39625 | Vaults:3 | Lost mutation: You have an increased reservoir of magic.
                  | (+10% MP) [Jiyva's grace]
 39625 | Vaults:3 | Lost mutation: You are somewhat resistant to further
                  | mutation. [Jiyva's grace]
 39625 | Vaults:3 | Lost mutation: You are robust. (+10% HP) [Jiyva's grace]
 39625 | Vaults:3 | Lost mutation: Your pliable body absorbs attacks. (AC +2,
                  | EV +2) [Jiyva's grace]
 39625 | Vaults:3 | Gained mutation: You are resistant to electric shocks.
                  | (rElec) [Jiyva's grace]
 39625 | Vaults:3 | Gained mutation: Your spells are harder to cast, but more
                  | powerful. [Jiyva's grace]
 39625 | Vaults:3 | Gained mutation: Your spells are much harder to cast, but
                  | much more powerful. [Jiyva's grace]
 39625 | Vaults:3 | Gained mutation: You have supernaturally acute eyesight.
                  | (SInv) [Jiyva's grace]
 39863 | Vaults:4 | Found a huge runed translucent gate.
 39863 | Vaults:4 | Found a huge runed translucent gate.
 39863 | Vaults:4 | Found a huge runed translucent gate.
 39864 | Vaults:4 | Found a huge runed translucent gate.
 39864 | Vaults:4 | Identified the staff of a wizard's laboratory {Summ Earth}
 39865 | Vaults:4 | Found a huge runed translucent gate.
 39865 | Vaults:4 | Found a huge runed translucent gate.
 39866 | Vaults:4 | Found a huge runed translucent gate.
 39866 | Vaults:4 | Found a huge runed translucent gate.
 39866 | Vaults:4 | Found a huge runed translucent gate.
 39867 | Vaults:4 | Found a huge runed translucent gate.
 39867 | Vaults:4 | Found a huge runed translucent gate.
 39868 | Vaults:4 | Found a huge runed translucent gate.
 39868 | Vaults:4 | Found a huge runed translucent gate.
 39869 | Vaults:4 | Found a huge runed translucent gate.
 39869 | Vaults:4 | Found a huge runed translucent gate.
 39869 | Vaults:4 | Found a huge runed translucent gate.
 39869 | Vaults:4 | Found a huge runed translucent gate.
 39869 | Vaults:4 | Found a huge runed translucent gate.
 39870 | Vaults:4 | Found a huge runed translucent gate.
 39870 | Vaults:4 | Found a huge runed translucent gate.
 39870 | Vaults:4 | Noticed a dread lich
 39893 | Vaults:4 | Found a huge runed translucent gate.
 39894 | Vaults:4 | Found a huge runed translucent gate.
 39894 | Vaults:4 | Found a huge runed translucent gate.
 39899 | Vaults:4 | Found a huge runed translucent gate.
 39899 | Vaults:4 | Found a huge runed translucent gate.
 39899 | Vaults:4 | Found a huge runed translucent gate.
 39899 | Vaults:4 | Found a huge runed translucent gate.
 39899 | Vaults:4 | Found a huge runed translucent gate.
 39917 | Vaults:4 | Found a huge runed translucent gate.
 39918 | Vaults:4 | Found a huge runed translucent gate.
 39919 | Vaults:4 | Found a huge runed translucent gate.
 39920 | Vaults:4 | Found a huge runed translucent gate.
 39921 | Vaults:4 | Found a huge runed translucent gate.
 39921 | Vaults:4 | Found a huge runed translucent gate.
 39921 | Vaults:4 | Found a huge runed translucent gate.
 39921 | Vaults:4 | Found a huge runed translucent gate.
 39983 | Vaults:4 | Found a flickering gateway to a bazaar.
 40039 | Vaults:4 | Reached skill level 10 in Evocations
 40058 | Bazaar   | Entered a bazaar
 40098 | Bazaar   | Found Dycyugal's Antique Weapon Boutique.
 40153 | Bazaar   | Found Qiggumox's Antique Armour Boutique.
 40170 | Bazaar   | Found Kufouch's Assorted Antiques.
 40231 | Bazaar   | Bought a pair of smouldering gloves for 114 gold pieces
 40231 | Bazaar   | Identified the +0 pair of gloves of Sorcery {-Tele Str+4
                  | Int+2 Stlth+} (You bought it in a shop in a bazaar)
 40251 | Bazaar   | Bought a potion of magic for 288 gold pieces
 40643 | Elf:1    | Entered Level 1 of the Elven Halls
 40684 | Elf:1    | Found Kuosem's Book Boutique.
 40686 | Elf:1    | Paralysed by an air elemental for 1 turns
 40804 | Elf:1    | Reached skill level 15 in Fighting
 41006 | Elf:1    | Found Morepn's Book Shop.
 41006 | Elf:1    | Found Sebymai's Jewellery Emporium.
 41014 | Elf:1    | Found Nininete's Book Shop.
 41156 | Elf:1    | Found a magical portal.
 41262 | Elf:1    | Got Qothromm's Treatise on the Gang
 41350 | WizLab   | Entered The Roulette of Golubria
 41350 | WizLab   | Found a transporter.
 41353 | WizLab   | Found the +2 cloak of the Thief {*Fog Slay-2 SInv Stlth+}
 41360 | WizLab   | Found a transporter.
 41525 | WizLab   | Found a transporter.
 41531 | WizLab   | Found a transporter.
 41531 | WizLab   | Found a transporter.
 41665 | WizLab   | Found a corrupted altar of Lugonu.
 41670 | WizLab   | Found a transporter.
 41833 | WizLab   | Found a transporter.
 41837 | WizLab   | Found a corrupted altar of Lugonu.
 41842 | WizLab   | Found a transporter.
 41885 | WizLab   | Found a transporter.
 41898 | WizLab   | Found a corrupted altar of Lugonu.
 41942 | WizLab   | Found a corrupted altar of Lugonu.
 41950 | WizLab   | Found a transporter.
 41951 | WizLab   | Paralysed by an air elemental for 1 turns
 41959 | WizLab   | Paralysed by an air elemental for 1 turns
 41979 | WizLab   | Found a transporter.
 41988 | WizLab   | Identified the +1 cloak "Hekifa" {SInv}
 42147 | Elf:2    | Paralysed by an air elemental for 1 turns
 42318 | Elf:2    | Paralysed by an air elemental for 1 turns
 42423 | Elf:2    | Paralysed by an air elemental for 1 turns
 42449 | Elf:2    | Reached XP level 20. HP: 180/180 MP: 34/34
 42532 | Elf:2    | Found a runed translucent gate.
 42533 | Elf:2    | Found a runed translucent gate.
 42533 | Elf:2    | Found a runed translucent gate.
 42781 | Elf:2    | Lost mutation: Your mind is very acute. (Int +8, Str/Dex
                  | -2) [Jiyva's grace]
 42781 | Elf:2    | Lost mutation: Your spells are much harder to cast, but
                  | much more powerful. [Jiyva's grace]
 42781 | Elf:2    | Lost mutation: Your melee attacks may engulf your foes in
                  | ooze. [Jiyva's grace]
 42781 | Elf:2    | Gained mutation: You passively map a small area around you.
                  | [Jiyva's grace]
 42781 | Elf:2    | Gained mutation: You passively map the area around you.
                  | [Jiyva's grace]
 42781 | Elf:2    | Gained mutation: You passively map a large area around you.
                  | [Jiyva's grace]
 42781 | Elf:2    | Gained mutation: Your tail ends in a venomous barb.
                  | [Jiyva's grace]
 43507 | Elf:2    | Acquired 784 gold pieces
 43573 | Elf:3    | Entered Level 3 of the Elven Halls
 43851 | Elf:3    | Paralysed by an air elemental for 1 turns
 44442 | Elf:3    | Identified the +5 chain mail of the Endless Tusks {Str+4}
 44588 | Elf:3    | Identified the +4 hand axe "Huthon" {flame, rCorr}
 44762 | Elf:3    | Identified the ring of Xom's Capriciousness {Fire rCorr}
 45197 | Elf:3    | Identified the ring of Pastrev {EV+5 Str+2 Int+3}
 45426 | Elf:3    | Got the Compilation of Ironbound Ice
 45428 | Elf:3    | Identified the +3 kite shield of the Present {Dex+3}
 45483 | Elf:3    | Identified the staff of Hacking and Slashing {rPois rC+
                  | Str+2 Ice}
 45507 | Elf:3    | Got Rieraun's Compilation of the Alluring Xenolith
 45583 | Elf:3    | Identified the staff "Demonslayer" {+Blink rC+ Dex+5 SInv
                  | Ice}
 45784 | Elf:1    | Bought the ring of Xom's Passing Interest {+Blink rElec rN+
                  | SInv} for 632 gold pieces
 45833 | Elf:1    | Bought a There-And-Back Book for 420 gold pieces
 45840 | Elf:1    | Learned a level 6 spell: Dispersal
 46536 | Depths:1 | Entered Level 1 of the Depths
 46612 | Depths:1 | Noticed a juggernaut
 46644 | D:15     | Killed a juggernaut
 47550 | Depths:1 | Reached XP level 21. HP: 189/189 MP: 35/35
 47751 | Depths:1 | Identified the death talisman of Virtue {rElec}
 47927 | Depths:1 | Lost mutation: You have sharp toenails. [Jiyva's grace]
 47927 | Depths:1 | Lost mutation: Your mind is acute. (Int +4, Str/Dex -1)
                  | [Jiyva's grace]
 47927 | Depths:1 | Lost mutation: You passively map a large area around you.
                  | [Jiyva's grace]
 47927 | Depths:1 | Lost mutation: Your spells are harder to cast, but more
                  | powerful. [Jiyva's grace]
 47927 | Depths:1 | Gained mutation: You have a small jelly attached to you
                  | that may absorb projectiles. [Jiyva's grace]
 47927 | Depths:1 | Gained mutation: You have sharp fingernails. [Jiyva's
                  | grace]
 47927 | Depths:1 | Gained mutation: You have very sharp fingernails. [Jiyva's
                  | grace]
 47927 | Depths:1 | Gained mutation: You have claws for hands. [Jiyva's grace]
 47935 | Depths:1 | Found the ring of the Octopus King
 47947 | Depths:1 | Identified a ring of the Octopus King {Wiz HP+2 AC+2 EV+2
                  | SH+2}
 48465 | Depths:2 | Killed Imio's ghost
 48469 | Depths:2 | Noticed Sojobo
 48476 | Depths:2 | Paralysed by an air elemental for 1 turns
 48740 | Depths:2 | Found a hazy altar of Hepliaklqana.
 48795 | Depths:2 | Found a runed translucent gate.
 48796 | Depths:2 | Found a runed translucent gate.
 48797 | Depths:2 | Found a runed translucent gate.
 48857 | Depths:2 | Paralysed by an air elemental for 1 turns
 48938 | Depths:1 | Paralysed by an air elemental for 1 turns
 48947 | Depths:1 | Paralysed by an air elemental for 1 turns
 48957 | Depths:1 | Killed Sojobo
 49207 | Depths:2 | Noticed a juggernaut
 49549 | Depths:2 | Killed a juggernaut
 49823 | Depths:2 | Reached skill level 15 in Armour
 49923 | Depths:2 | Found a one-way gate leading to the halls of Pandemonium.
 49923 | Depths:2 | Found a one-way gate to the infinite horrors of the Abyss.
 50068 | Depths:2 | Found a viscous altar of Jiyva.
 50657 | Depths:3 | Found a one-way gateway to a ziggurat.
 50794 | Depths:3 | Reached skill level 15 in Shields
 51165 | Depths:3 | Reached XP level 22. HP: 199/199 MP: 36/36
 51364 | Depths:3 | Noticed a juggernaut
 51379 | Depths:3 | Killed a juggernaut
 51490 | Depths:3 | Identified the ring of Grace {rF+ Str+3}
 51546 | Depths:3 | Noticed a dread lich
 51594 | Depths:3 | Killed a dread lich
 51610 | Depths:3 | Found the +8 trishula "Condemnation" {holy, anguish, *Noise
                  | Fly rN+}
 51610 | Depths:3 | Found the +2 shield of Resistance {rF++ rC++ Will++}
 51909 | Depths:4 | Entered Level 4 of the Depths
 51940 | Depths:4 | Noticed a juggernaut
 51958 | Depths:4 | Killed a juggernaut
 52009 | Depths:4 | Lost mutation: You have a pair of small horns on your head.
                  | [Jiyva's grace]
 52009 | Depths:4 | Lost mutation: You passively map the area around you.
                  | [Jiyva's grace]
 52009 | Depths:4 | Lost mutation: You passively map a small area around you.
                  | [Jiyva's grace]
 52009 | Depths:4 | Gained mutation: Armour fits poorly on your pseudopods.
                  | [Jiyva's grace]
 52009 | Depths:4 | Gained mutation: Armour fits poorly on your large
                  | pseudopods. [Jiyva's grace]
 52009 | Depths:4 | Gained mutation: Armour fits poorly on your massive
                  | pseudopods. [Jiyva's grace]
 52009 | Depths:4 | Gained mutation: Your natural rate of healing is unusually
                  | fast. [Jiyva's grace]
 52102 | Depths:4 | Noticed Vv
 52130 | Depths:4 | Killed Vv
 52334 | Depths:4 | Noticed a dread lich
 52363 | Depths:4 | Killed a dread lich
 52397 | Depths:4 | Found a gate to the Realm of Zot.
 52472 | Depths:4 | Found a shimmering altar of Xom.
 52475 | Depths:4 | Found a hazy altar of Hepliaklqana.
 52482 | Depths:4 | Found a radiant altar of Vehumet.
 52646 | Depths:4 | Noticed a golden dragon
 52665 | Depths:4 | Killed a golden dragon
 52712 | Depths:4 | Noticed a golden dragon
 52739 | Depths:4 | Killed a golden dragon
 53030 | Depths:4 | Noticed a caustic shrike
 53044 | Depths:4 | Killed a caustic shrike
 53059 | Depths:4 | Identified the +8 hand axe "Ywiesch" {drain, rF+ rCorr
                  | MP+9}
 53350 | Depths:4 | Noticed a caustic shrike
 53369 | Depths:4 | Killed a caustic shrike
 53385 | Depths:4 | Noticed a golden dragon
 53394 | Depths:4 | Noticed a golden dragon
 53411 | Depths:4 | Killed a golden dragon
 53417 | Depths:4 | Killed a golden dragon
 53418 | Depths:4 | Reached skill level 14 in Translocations
 53495 | Depths:4 | Reached XP level 23. HP: 200/205 MP: 37/37
 53505 | Depths:4 | Identified the +3 scale mail "Jaemm" {rPois rF- rC+++
                  | Stlth+}
 53559 | Depths:4 | Identified the +5 ring mail "Joycuas" {Rampage Dex+4}
 53560 | Depths:4 | Identified the +4 long sword of the Tiger {vamp, rN+ Dex+3}
 53990 | D:11     | Bought a wand of digging (11) for 693 gold pieces
 54289 | Zig:1    | Entered Level 1 of a ziggurat
 54314 | Zig:2    | Entered Level 2 of a ziggurat
 54318 | Zig:2    | Noticed Poppull the pandemonium lord
 54353 | Zig:2    | Killed Poppull the pandemonium lord
 54424 | Zig:3    | Entered Level 3 of a ziggurat
 54429 | Zig:3    | Paralysed by a wendigo for 1 turns
 54493 | Zig:4    | Entered Level 4 of a ziggurat
 54526 | Zig:4    | Reached skill level 15 in Translocations
 54536 | Zig:4    | Got the Codex of the Volley and the Entourage
 54571 | Zig:5    | Entered Level 5 of a ziggurat
 54749 | Zig:5    | Identified the +8 whip "Gawkud" {protect, rF+ rN+ SInv}
 54750 | Zig:5    | Identified the +2 robe of the Lonely Persimmons {rPois rF+
                  | Will+ SInv}
 54756 | Zig:6    | Entered Level 6 of a ziggurat
 54794 | Zig:6    | Found the +7 great mace "Undeadhunter" {deathbane, rN+}
 54821 | Zig:7    | Entered Level 7 of a ziggurat
 54830 | Zig:7    | Noticed a juggernaut
 54884 | Zig:7    | Identified the amulet "Uxogy" {RegenMP Fly rN+ Str+2
                  | Slay+2}
 55070 | Zot:1    | Entered Level 1 of the Realm of Zot
 55388 | Zot:1    | Reached skill level 16 in Translocations
 56071 | Zot:1    | Lost mutation: You have claws for hands. [Jiyva's grace]
 56071 | Zot:1    | Lost mutation: You have supernaturally acute eyesight.
                  | (SInv) [Jiyva's grace]
 56071 | Zot:1    | Lost mutation: You are resistant to electric shocks.
                  | (rElec) [Jiyva's grace]
 56071 | Zot:1    | Lost mutation: Armour fits poorly on your massive
                  | pseudopods. [Jiyva's grace]
 56071 | Zot:1    | Lost mutation: Armour fits poorly on your large pseudopods.
                  | [Jiyva's grace]
 56071 | Zot:1    | Gained mutation: You passively dampen the noise of your
                  | surroundings. [Jiyva's grace]
 56071 | Zot:1    | Gained mutation: You have acidic saliva. [Jiyva's grace]
 56071 | Zot:1    | Gained mutation: Your movements are slightly less
                  | encumbered by armour. (ER -2) [Jiyva's grace]
 56071 | Zot:1    | Gained mutation: Your movements are less encumbered by
                  | armour. (ER -4) [Jiyva's grace]
 57154 | Zot:3    | Reached skill level 17 in Translocations
 57877 | Zot:2    | Reached XP level 24. HP: 207/214 MP: 39/40
 58016 | Zot:3    | Found a transporter.
 58018 | Zot:3    | Found a transporter.
 58020 | Zot:3    | Found a transporter.
 58021 | Zot:3    | Found a transporter.
 58469 | Zot:3    | Found a transporter.
 58474 | Zot:3    | Found a transporter.
 59242 | Zot:4    | Found the +4 dragonskin cloak
 59242 | Zot:4    | Noticed Tiamat
 59937 | Zot:4    | Lost mutation: You have very sharp fingernails. [Jiyva's
                  | grace]
 59937 | Zot:4    | Lost mutation: Your natural rate of healing is unusually
                  | fast. [Jiyva's grace]
 59937 | Zot:4    | Lost mutation: You have acidic saliva. [Jiyva's grace]
 59937 | Zot:4    | Lost mutation: Armour fits poorly on your pseudopods.
                  | [Jiyva's grace]
 59937 | Zot:4    | Lost mutation: Your movements are less encumbered by
                  | armour. (ER -4) [Jiyva's grace]
 59937 | Zot:4    | Gained mutation: Your body has grown eyes which may confuse
                  | attackers. (Acc +3) [Jiyva's grace]
 59937 | Zot:4    | Gained mutation: Your body has grown many eyes which may
                  | confuse attackers. (Acc +5) [Jiyva's grace]
 59937 | Zot:4    | Gained mutation: Your body is covered in eyes which may
                  | confuse attackers. (Acc +7, SInv) [Jiyva's grace]
 59937 | Zot:4    | Gained mutation: You have hidden genetic potential.
                  | [Jiyva's grace]
 60024 | Zot:4    | Noticed a Killer Klown
 60051 | Zot:4    | Killed a Killer Klown
 60213 | Zot:3    | Gained mutation: You are weak. (Str -2) [mutagenic glow]
 60328 | Zot:4    | Noticed a Killer Klown
 60357 | Zot:4    | Killed a Killer Klown
 60572 | Zot:4    | Slimified Tiamat
 60572 | Zot:4    | Tiamat changed into Tiamat the azure jelly
 60572 | Zot:4    | Noticed Tiamat
 60993 | Zot:5    | Entered Level 5 of the Realm of Zot
 61810 | Vaults:1 | Bought a potion of heal wounds for 175 gold pieces
 61947 | D:11     | Bought a potion of might for 60 gold pieces
 61947 | D:11     | Bought a potion of resistance for 150 gold pieces
 62446 | Zot:5    | Noticed an orb of fire
 62446 | Zot:5    | Noticed an orb of fire
 62446 | Zot:5    | Noticed an orb of fire
 62469 | Zot:5    | Noticed a Killer Klown
 62501 | Zot:5    | Killed a Killer Klown
 62502 | Zot:5    | Reached skill level 10 in Throwing
 62520 | Zot:5    | Noticed an orb of fire
 62531 | Zot:5    | Gained mutation: You occasionally lose the ability to read
                  | scrolls when taking damage. [an orb of fire]
 62537 | Zot:5    | Gained mutation: You occasionally lose the ability to drink
                  | potions when taking damage. [an orb of fire]
 62548 | Zot:5    | Killed an orb of fire
 62565 | Zot:5    | Lost mutation: You passively dampen the noise of your
                  | surroundings. [potion of mutation]
 62565 | Zot:5    | Lost mutation: You are weak. (Str -2) [potion of mutation]
 62565 | Zot:5    | Lost mutation: Your spells are a little harder to cast, but
                  | a little more powerful. [potion of mutation]
 62566 | Zot:5    | Lost mutation: Your movements are slightly less encumbered
                  | by armour. (ER -2) [potion of mutation]
 62566 | Zot:5    | Lost mutation: You have a small jelly attached to you that
                  | senses nearby items. [potion of mutation]
 62566 | Zot:5    | Lost mutation: Your tail ends in a venomous barb. [potion
                  | of mutation]
 62566 | Zot:5    | Gained mutation: You possess an exceptional clarity of
                  | mind. [potion of mutation]
 62567 | Zot:5    | Lost mutation: Your rubbery body absorbs attacks. (AC +1,
                  | EV +1) [potion of mutation]
 62567 | Zot:5    | Lost mutation: You expend magic power (3 MP) to strengthen
                  | your wands. [potion of mutation]
 62568 | Zot:5    | Lost mutation: You possess an exceptional clarity of mind.
                  | [potion of mutation]
 62568 | Zot:5    | Lost mutation: You have a small jelly attached to you that
                  | may absorb projectiles. [potion of mutation]
 62568 | Zot:5    | Gained mutation: You have a somewhat thin skeletal
                  | structure. (Dex +2, Stealth+) [potion of mutation]
 62568 | Zot:5    | Gained mutation: Your natural rate of healing is unusually
                  | fast. [potion of mutation]
 62569 | Zot:5    | Lost mutation: You occasionally lose the ability to drink
                  | potions when taking damage. [potion of mutation]
 62569 | Zot:5    | Lost mutation: You have sharp fingernails. [potion of
                  | mutation]
 62569 | Zot:5    | Lost mutation: You are covered in fur. (AC +1) [potion of
                  | mutation]
 62569 | Zot:5    | Gained mutation: Your body sometimes deteriorates upon
                  | taking damage. [potion of mutation]
 62579 | Zot:5    | Reached skill level 18 in Translocations
 62579 | Zot:5    | Reached XP level 25. HP: 221/221 MP: 40/40
 62588 | Zot:5    | Noticed a Killer Klown
 62602 | Zot:5    | Killed a Killer Klown
 62611 | Zot:5    | Noticed a Killer Klown
 62612 | Zot:5    | Noticed a dread lich
 62616 | Zot:5    | Noticed a dread lich
 62628 | Zot:5    | Killed a dread lich
 62633 | Zot:5    | Killed a Killer Klown
 62640 | Zot:5    | Killed a dread lich
 63087 | Zot:5    | Noticed an orb of fire
 63111 | Zot:5    | Gained mutation: You are dopey. (Int -2) [an orb of fire]
 63122 | Zot:5    | Killed an orb of fire
 63195 | Zot:5    | Noticed a Killer Klown
 63197 | Zot:5    | Noticed an orb of fire
 63380 | Zot:5    | Noticed a dread lich
 63400 | Zot:5    | Killed a dread lich
 63424 | Zot:5    | Gained mutation: You are clumsy. (Dex -2) [an orb of fire]
 63436 | Zot:5    | Gained mutation: Your spells are a little easier to cast,
                  | but a little less powerful. [an orb of fire]
 63439 | Zot:5    | Gained mutation: Your spells are easier to cast, but less
                  | powerful. [an orb of fire]
 63441 | Zot:5    | Gained mutation: You are weak. (Str -2) [an orb of fire]
 63446 | Zot:5    | Lost mutation: You have hidden genetic potential. [an orb
                  | of fire]
 63450 | Zot:5    | Killed an orb of fire
 63451 | Zot:5    | Reached skill level 19 in Translocations
 63546 | Zot:5    | Gained mutation: You have hidden genetic defects. [an orb
                  | of fire]
 63563 | Zot:5    | Gained mutation: You are very weak. (Str -4) [an orb of
                  | fire]
 63578 | Zot:5    | Killed an orb of fire
 63580 | Zot:5    | Killed an orb of fire
 63581 | Zot:5    | Reached XP level 26. HP: 169/228 MP: 40/40
 63585 | Zot:5    | Killed an orb of fire
 63722 | Zot:5    | Got the Orb of Zot
 63759 | Zot:5    | Noticed Tapelar the pandemonium lord
 63781 | Zot:5    | Killed Tapelar the pandemonium lord
 63980 | Zot:1    | Reached skill level 20 in Translocations
 64177 | D:15     | Noticed Loifoz the pandemonium lord
 64200 | D:15     | Killed Loifoz the pandemonium lord
 64206 | D:15     | Gained mutation: You sometimes lose the ability to read
                  | scrolls when taking damage. [hidden defects]
 64222 | D:14     | Lost mutation: You are very weak. (Str -4) [potion of
                  | mutation]
 64222 | D:14     | Lost mutation: You are weak. (Str -2) [potion of mutation]
 64222 | D:14     | Lost mutation: Your body sometimes deteriorates upon taking
                  | damage. [potion of mutation]
 64223 | D:14     | Lost mutation: You have hidden genetic defects. [potion of
                  | mutation]
 64223 | D:14     | Lost mutation: You have a somewhat thin skeletal structure.
                  | (Dex +2, Stealth+) [potion of mutation]
 64223 | D:14     | Lost mutation: Your natural rate of healing is unusually
                  | fast. [potion of mutation]
 64223 | D:14     | Gained mutation: You occasionally shout uncontrollably at
                  | your foes. [potion of mutation]
 64223 | D:14     | Lost mutation: You are dopey. (Int -2) [potion of mutation]
 64485 | D:$      | Escaped with the Orb!

Illustrated notes

Levels and vault maps discovered:
D:1:      ncdulo_smallfort, layout_loops_ring,
          hellmonk_ecumenical_altar_heavens_door, dreamdust_wishing_well
D:2:      layout_loops_cross, basic_altar, hangedman_decor_points,
          chequers_serial_rivers_micro_b
D:3:      layout_basic, uniq_grinder
D:4:      layout_loops_ring, minmay_rat_hole
D:5:      layout_loops_ring, nicolae_overflow_macrodata_refinement,
          goddamned_bats
D:6:      layout_layer_cave, mainiacjoe_overflow_alcove_2,
          minmay_temple_entry_steel_oval, uniq_sigmund, uniq_pikel,
          uniq_eustachio
D:7:      lemuel_bear_cage, layout_basic
D:8:      layout_layer_cave, general_overflow_altar
D:9:      layout_loops_ring, tgw_fedhas, david_orc_2, st_stairs_14
D:10:     layout_basic, dpeg_lair_monsters, serial_co_window_serial,
          co_window_paths_b, co_window_paths_a, co_window_of_opportunity_a,
          co_window_paths_a, co_window_paths_a, co_window_paths_a,
          co_window_corner_ca, co_window_cross_2, co_window_corner_ca,
          co_window_cross_3, co_window_broadway_b, glass_columns_a,
          glass_columns_b, glass_columns_c, glass_columns_a, glass_columns_b
D:11:     layout_basic, serial_shops, shop, nicolae_shop_tiny_statue_garden,
          shop, portal_ice_cave_rime, nicolae_shop_overcharged_wands
D:12:     nzn_winding_woodlands_cross
          [nzn_winding_woodlands_5x15_river_crossing,
          nzn_winding_woodlands_5x15_longhouse,
          nzn_winding_woodlands_5x15_parted, nzn_winding_woodlands_5x15_jagged,
          nzn_winding_woodlands_15x15_eel_pit], layout_loops_ring, uniq_jorgrun
D:13:     layout_gridville, hellmonk_vaults_keyhole, minmay_misc_feat_tower
D:14:     layout_loops_ring, gauntlet_entry_generic, grunt_decor_junction,
          uniq_azrael
D:15:     grunt_enter_depths_snipers, layout_irregular_city,
          nicolae_tso_swordbearing_angel
Lair:1:   layout_concentric_octagons, uniq_grum, uniq_nergalle
Lair:2:   gammafunk_worm_tunnel, layout_chaotic_city, dummy_spider_entry,
          serial_bayou_pond_d, uniq_maggie
Lair:3:   layout_cave_pods, minmay_swamp_entry_reptiles, uniq_josephine,
          uniq_amaemon
Lair:4:   dreamdust_isle_of_ice, layout_cave_shapes
Lair:5:   evil_forest, layout_gridlike, slime_entry_1, gammafunk_ghost_split
Swamp:1:  dpeg_oklob_gauntlet, layout_falls_marsh, basic_altar, uniq_roxanne,
          uniq_aizul
Swamp:2:  layout_falls_marsh, nicolae_swamp_well_well_well
Swamp:3:  layout_basic_swamp, hangedman_swamp_ruin_wall,
          nicolae_swamp_dense_foliage, swamp_pool_1_2, lightli_tree_ring,
          uniq_bai_suzhen
Swamp:4:  grunt_swamp_rune_castle, layout_basic_swamp
Spider:1: layout_spider_delve, nzn_ghost_randoct
Spider:2: layout_spider_delve, uniq_asterion
Spider:3: layout_cave_pods, hangedman_spider_tarantella_strand
Spider:4: grunt_spider_rune_parallel, drop_trap, nicolae_arachne_temple
Slime:1:  layout_caves
Slime:2:  layout_caves
Slime:3:  layout_caves, basic_altar
Slime:4:  layout_caves
Slime:5:  slime_pit_nicolae_amoeboid
Orc:1:    layout_caves, uniq_maurice
Orc:2:    grunt_orc_tribal_feast, layout_caves, basic_altar,
          guppyfry_library_mini
Elf:1:    layout_rooms, serial_shops, shop, infiniplex_enter_wizlab_spiral,
          minmay_elf_demonology, minmay_shop_grove
Elf:2:    nicolae_elf_blades_crystal_corner, layout_loops_cross
Elf:3:    grunt_elf_hall_spiral, layout_geoelf_grid,
          hangedman_elf_targeted_burst
Vaults:1: nicolae_vaults_tangram_2, nicolae_vaults_little_squares_5,
          v_pattern_1, nicolae_vaults_storage_closets_1,
          nicolae_vaults_trapezoid_lopsided_3, grunt_vaults_diagonal,
          vaults_room_semicircle, grunt_vaults_hallway_short,
          nicolae_vaults_trapezoid_lopsided_1, nicolae_vaults_theta,
          layout_vaults_omnigrid, serial_shops, nicolae_lakefront_shop
Vaults:2: hangedman_vaults_variations, nicolae_vaults_shipping_containers_1,
          vaults_dpeg_emergency_exit, nicolae_vaults_little_ls,
          nicolae_vaults_oval_intersection, vaults_room_fancy_cross,
          vaults_room_octagon, nicolae_vaults_little_squares_2, v_misc_12,
          nicolae_vaults_sightless_eye, vaults_standard_mumra_enter_the_diamond,
          vaults_room_grid, nicolae_vaults_yaktaur_gun_rack, layout_vaults_ring,
          serial_shops, shop_statue, uniq_margery
Vaults:3: nicolae_vaults_prndl, vaults_dpeg_hooks,
          minmay_crypt_entry_simple_plaza, vaults_mumra_chevron,
          vaults_dpeg_ring, ontoclasm_vaults_decontamination,
          nicolae_vaults_closet_pinwheel_5, nicolae_vaults_cornered_office,
          nicolae_vaults_murderbox, v_pattern_5, hangedman_vaults_stitches,
          hangedman_vaults_trim, nicolae_vaults_shelves_hall,
          nicolae_vaults_closet_pinwheel_2, layout_vaults_omnicross
Vaults:4: gammafunk_ghost_tricky_traps, vaults_dpeg_doors, vaults_dpeg_diagonal,
          door_vault, nicolae_vaults_storage_room_glass,
          nicolae_vaults_shelves_hall, nicolae_vaults_tetromino_T_1,
          layout_vaults_maze_snakey, serial_shops, bzr_entry_dummy
Depths:1: layout_gridlike, nicolae_sextant, hell_entry, minmay_swirly_circle,
          serial_bayou_shore_b
Depths:2: minmay_the_grid_3x2 [minmay_the_grid_gridbox, minmay_the_grid_tree,
          minmay_the_grid_eight, minmay_the_grid_spikes, minmay_the_grid_rooms,
          minmay_the_grid_prize_inner_circle], layout_cave_shapes, hell_entry,
          grunt_pan_entry_zigzag, abyss_entry, gammafunk_ghost_ooze,
          nicolae_hepliaklqana_hippocampus, uniq_sojobo
Depths:3: minmay_broken_ring, layout_honeycomb, enter_ziggurat_c,
          grunt_hell_horde, kennysheep_boxes, hangedman_abyss_entry_splay,
          infiniplex_staircase_squiggle
Depths:4: hangedman_slaughterboxes, serial_shops, hell_entry, uniq_vv
Zot:1:    layout_gridlike, grunt_ministairs_2
Zot:2:    layout_misc_corridors, uniq_josephina
Zot:3:    layout_cathedral_of_symmetry, serial_nicolae_subway,
          nicolae_sub_station_stone, nicolae_sub_station_metal,
          nicolae_sub_station_crystal, grunt_megastairs_2
Zot:4:    layout_onion, regret_index_zotdec_gossamer_parallel, uniq_tiamat
Zot:5:    layout_misc_corridors, nicolae_tricolors

Skill      XL: |  1  2  3  4  5  6  7  8  9 10 11 12 13 14 15 16 17 18 19 20 21 22 23 24 25 26 |
---------------+-------------------------------------------------------------------------------+-----
Spellcasting   | 2 3 4 5 9 10 13 | 13.6
Fighting       | 1 2 3 5 7 8 9 10 12 13 15 16 17 | 17.0
Conjurations   | 4 |  4.0
Maces & Flails | 1 2 3 4 6 8 9 10 12 13 | 13.0
Armour         | 2 7 9 10 12 16 18 | 18.1
Shields        | 2 5 7 9 10 12 15 17 | 17.0
Shapeshifting  | 1 3 6 8 |  8.5
Evocations     | 5 6 8 10 12 | 12.0
Throwing       | 5 6 10 12 | 12.0
Long Blades    | 9 12 13 | 13.6
Dodging        | 5 7 |  7.9
Translocations | 5 10 13 14 17 18 19 20 | 20.4
Stealth        | |  2.1

Action                     |  1- 3 |  4- 6 |  7- 9 | 10-12 | 13-15 | 16-18 | 19-21 | 22-24 | 25-27 || total
---------------------------+-------+-------+-------+-------+-------+-------+-------+-------+-------++-------
  Melee: Unarmed           |    22 |       |       |       |       |       |       |       |       ||    22
         Tailslap          |    13 |     1 |    13 |   114 |   273 |   324 |   515 |   556 |   114 ||  1923
         Punch             |     2 |       |     1 |       |       |       |       |       |       ||     3
         Club              |    56 |    29 |    15 |       |       |       |       |       |       ||   100
         Whip              |       |       |    50 |       |       |       |       |       |       ||    50
         Mace              |       |       |    70 |   547 |   560 |    62 |       |       |       ||  1239
         Kick              |       |       |       |       |   452 |       |       |       |       ||   452
         Headbutt          |       |       |       |       |   365 |   449 |   678 |    76 |       ||  1568
         Katana            |       |       |       |       |   921 |  1642 |  2385 |  2295 |   377 ||  7620
         Pseudopods        |       |       |       |       |    26 |   188 |       |   543 |       ||   757
         Bite              |       |       |       |       |       |       |       |    96 |       ||    96
  Throw: Boomerang         |       |       |       |    17 |    30 |    16 |     3 |     9 |       ||    75
         Dart              |       |       |       |       |     6 |     9 |       |       |       ||    15
         Javelin           |       |       |       |       |       |       |       |     5 |       ||     5
   Cast: Magic Dart        |    19 |     7 |    40 |    15 |       |       |     1 |       |       ||    82
         Searing Ray       |     1 |    16 |    57 |    28 |       |       |       |       |       ||   102
         Lesser Beckoning  |       |       |       |       |       |       |    23 |    31 |     3 ||    57
         Blink             |       |       |       |       |       |       |     1 |       |       ||     1
 Invoke: Oozemancy         |       |     1 |       |     6 |     2 |     3 |     3 |     2 |     5 ||    22
         Slimify           |       |       |       |       |       |     1 |     1 |     1 |     1 ||     4
Ability: Evoke Blink       |       |       |       |       |       |       |     1 |     1 |       ||     2
  Evoke: Wand              |       |       |       |     8 |     4 |    17 |     8 |    19 |     2 ||    58
         Sack of spiders   |       |       |       |       |     2 |     2 |     1 |     2 |     1 ||     8
         Phantom mirror    |       |       |       |       |     1 |     1 |       |     1 |       ||     3
    Use: Scroll            |       |       |       |    11 |    13 |    10 |    16 |     9 |     7 ||    66
         Potion            |       |       |       |     3 |    10 |     7 |     5 |    10 |    10 ||    45
   Stab: Sleeping          |     7 |       |       |       |       |       |       |       |       ||     7
         Confused          |       |       |     6 |     7 |     6 |       |       |     9 |     2 ||    30
         Distracted        |       |       |       |       |     1 |     3 |       |     1 |     1 ||     6
         Invisible         |       |       |       |       |     5 |       |     1 |     1 |       ||     7
 Armour: Robe              |    69 |    27 |       |       |       |       |       |       |       ||    96
         Leather armour    |       |    17 |   147 |       |       |       |       |       |       ||   164
         Acid dragon scale |       |       |    39 |   456 |       |       |       |       |       ||   495
         Plate armour      |       |       |       |   159 |  1407 |  1882 |  1558 |  1482 |   249 ||  6737
         Chain mail        |       |       |       |       |       |       |       |   163 |       ||   163
  Dodge: Dodged            |    36 |    19 |    87 |   181 |   355 |   441 |   456 |   575 |    47 ||  2197
  Block: Buckler           |       |       |    56 |   360 |   559 |   177 |       |       |       ||  1152
         Other             |       |       |    10 |       |       |       |       |       |       ||    10
         Kite shield       |       |       |       |       |       |   730 |  1090 |  1321 |   171 ||  3312
         Form:             |       |       |       |     2 |       |       |       |       |       ||     2
         Serpent           |       |       |       |     2 |       |       |       |       |       ||     2
